 Dungeon Crawl Stone Soup version 0.19-a0-1111-gcceb26a (webtiles) character file.

385 Leszczynek the Carver (level 6, 0/39 HPs)
             Began as a High Elf Gladiator on Aug 10, 2016.
             Slain by 4thArraOfDagon's ghost (6 damage)
             ... on level 4 of the Dungeon.
             The game lasted 00:11:35 (3910 turns).

Leszczynek the Carver (High Elf Gladiator)          Turns: 3910, Time: 00:11:35

Health: 0/39       AC:  7    Str: 14    XL:     6   Next: 48%
Magic:  7/7        EV: 12    Int: 12    God:
Gold:   115        SH:  0    Dex: 18    Spells: 0 memorised, 5 levels left

rFire  . . .     SeeInvis .     a - +1 long sword
rCold  . . .     Gourm    .     l - +0 ring mail
rNeg   + . .     Faith    .     (no shield)
rPois  .         Spirit   .     c - +0 helmet
rElec  .         Dismiss  .     (no cloak)
rCorr  +         Reflect  .     (no gloves)
SustAt .         Harm     .     n - +0 pair of boots
MR     .....                    (no amulet)
Stlth  ++........               r - ring of positive energy
                                q - ring of resist corrosion

@:
A: no striking features
a: no special abilities


You were on level 4 of the Dungeon.
You were not hungry.

You visited 1 branch of the dungeon, and saw 4 of its levels.

You collected 115 gold pieces.

Inventory:

Hand Weapons
 a - a +1 long sword (weapon)
 y - a +0 hunting sling
Missiles
 b - 46 arrows
 d - 3 throwing nets (quivered)
 e - 45 sling bullets
Armour
 c - a +0 helmet (worn)
 l - a +0 ring mail (worn)
 n - a +0 pair of boots (worn)
Jewellery
 q - a ring of resist corrosion (left hand)
 r - a ring of positive energy (right hand)
Scrolls
 i - a scroll of magic mapping
 j - a scroll of teleportation {unknown}
 k - 2 scrolls of fog
 m - 3 scrolls of amnesia
 o - 2 scrolls of remove curse
 p - a scroll of recharging {unknown}
 z - 2 scrolls of random uselessness
 A - a scroll of immolation {unknown}
Potions
 g - a potion of haste {unknown}
 h - 2 potions of curing
 w - a potion of brilliance {unknown}
 x - a potion of cancellation {unknown}
Comestibles
 f - 5 bread rations
 s - 3 fruits
 u - a meat ration
 v - 6 chunks of flesh
 B - a slice of pizza


   Skills:
 + Level 2.0 Fighting
 - Level 8.4 Long Blades
 - Level 2.0 Throwing
 * Level 3.2 Dodging
 - Level 2.5 Stealth


You had 5 spell levels left.
You didn't know any spells.

Dungeon Overview and Level Annotations

Branches:
Dungeon (4/15)
 Temple: D:4-7

Altars:
Fedhas
Gozag
Xom
Zin

Shops:
D:4 (

Annotations:
D:4 4thArraOfDagon's ghost, weakling TrAM


Message History

4thArraOfDagon's ghost is moderately damaged. 4thArraOfDagon's ghost hits you.
You hit 4thArraOfDagon's ghost. 4thArraOfDagon's ghost is moderately damaged. 4thArraOfDagon's ghost barely misses you.
You hit 4thArraOfDagon's ghost but do no damage. 4thArraOfDagon's ghost is moderately damaged. 4thArraOfDagon's ghost closely misses you.
You hit 4thArraOfDagon's ghost. 4thArraOfDagon's ghost is heavily damaged. 4thArraOfDagon's ghost hits you!
You closely miss 4thArraOfDagon's ghost. 4thArraOfDagon's ghost is heavily damaged. 4thArraOfDagon's ghost says, "You will never get the ORB!" 4thArraOfDagon's ghost hits you!
* * * LOW HITPOINT WARNING * * *
You barely miss 4thArraOfDagon's ghost. 4thArraOfDagon's ghost is heavily damaged. 4thArraOfDagon's ghost hits you.
You die...

#.# #.## #..^..# . ###)####..#
####.....##
#..#..).....W####...).....#
#....#.#####............<.#
#....[...∩......#..........#
#..###...###.............#.#
#..#....## ##.###........#..#
......#.#####.###W...........#
......#.##......@........##....
........##...............# ..#.
.......###.............### ###
.<....# #.......#####.#
#.......# .# ######### .


You could see 4thArraOfDagon's ghost.

Vanquished Creatures
  Sigmund (D:4)
  Natasha (twice) (D:3)
  A worker ant (D:4)
  Robin (D:3)
  3 adders
  3 gnolls (D:4)
  An ooze (D:2)
  4 worms
  2 dart slugs (D:1)
  5 bats
  4 giant cockroaches
  15 goblins
  2 hobgoblins
  8 jackals (D:3)
  2 giant newts
  3 kobolds
  6 rats
63 creatures vanquished.

Notes
Turn   | Place    | Note
-------+----------+-------------------------------------------
     0 | D:1      | Leszczynek the High Elf Gladiator began the quest for the Orb.
     0 | D:1      | Reached XP level 1. HP: 14/14 MP: 2/2
   202 | D:1      | Reached skill level 4 in Long Blades
   208 | D:1      | Reached skill level 1 in Stealth
   360 | D:1      | Reached XP level 2. HP: 19/19 MP: 3/3
  1073 | D:2      | Reached skill level 2 in Stealth
  1474 | D:2      | Reached XP level 3. HP: 24/24 MP: 4/4
  2186 | D:3      | Found a shimmering altar of Xom.
  2568 | D:3      | Found a glowing silver altar of Zin.
  2598 | D:3      | Noticed Robin
  2673 | D:3      | Killed Robin
  2673 | D:3      | Reached skill level 5 in Long Blades
  2673 | D:3      | Reached XP level 4. HP: 25/29 MP: 5/5
  2930 | D:3      | Noticed Natasha
  2941 | D:3      | Killed Natasha
  3082 | D:3      | Reached skill level 6 in Long Blades
  3263 | D:3      | Noticed Natasha
  3277 | D:3      | Killed Natasha
  3277 | D:3      | Reached XP level 5. HP: 18/34 MP: 6/6
  3631 | D:3      | Found an opulent altar of Gozag.
  3631 | D:3      | Found a blossoming altar of Fedhas.
  3656 | D:4      | Noticed Sigmund
  3657 | D:4      | this is the problem with this challenge
  3657 | D:4      | i go down and i have 3 gnolls and sigmund in sight
  3657 | D:4      | normally i'd go up and try different stairs
  3657 | D:4      | instead i pretty much have to tele or use that shaft
  3657 | D:4      | and neither option is particularly appealing
  3666 | D:4      | Found Werhag Rien's Antique Weapon Boutique.
  3686 | D:4      | Reached skill level 7 in Long Blades
  3701 | D:4      | Killed Sigmund
  3701 | D:4      | Reached skill level 8 in Long Blades
  3701 | D:4      | Reached XP level 6. HP: 20/39 MP: 7/7
  3707 | D:4      | wow
  3887 | D:4      | Noticed 4thArraOfDagon's ghost (weakling TrAM)
  3910 | D:4      | Slain by 4thArraOfDagon's ghost

Vault maps used:
D:1:      minmay_arrival_nine_rooms, serial_forest,
          infiniplex_forest_clump_small, infiniplex_forest_clump_cross,
          infiniplex_forest_join, infiniplex_forest_pool
D:2:      first_bread
D:3:      lemuel_crystal_altar, gammafunk_temple_overflow_wave,
          lemuel_round_altar, uniq_natasha, uniq_robin
D:4:      serial_shops, shop, uniq_sigmund

Skill      XL: |  1  2  3  4  5 |
---------------+----------------+-----
Long Blades    | 4 5 6 8 |  8.4
Stealth        | 1 2 |  2.5
Fighting       | |  2.0
Throwing       | |  2.0
Dodging        | |  3.2

Action                   |  1- 3 |  4- 6 || total
-------------------------+-------+-------++-------
Melee: Long sword        |   114 |   111 ||   225
  Use: Scroll            |     4 |     5 ||     9
       Potion            |       |     1 ||     1
 Stab: Sleeping          |     2 |       ||     2
  Eat: Chunk             |     4 |     4 ||     8
       Beef jerky        |     1 |       ||     1
Armor: Leather armour    |     4 |       ||     4
       Ring mail         |    19 |    22 ||    41
Dodge: Dodged            |    49 |    64 ||   113
